 Dungeon Sprint DCSS version 0.27-a0-1612-gde56a17b89 (webtiles) character file.

Game seed: 1651295305093618359

17 night the Ruffian (level 2, -2/31 HPs)
             Began as a Troll Monk on July 21, 2021.
             Slain by a sky beast (5 damage)
             ... in the Dungeon (Sprint IX: "|||||||||||||||||||||||||||||").
             The game lasted 00:00:20 (39 turns).

night the Ruffian (Troll Monk)                        Turns: 39, Time: 00:00:21

Health: -2/31      AC:  4    Str: 18    XL:     2   Next: 44%
Magic:  1/1        EV: 10    Int:  6    God:
Gold:   0          SH:  0    Dex: 12    Spells: 1/1 levels left

rFire    . . .     SeeInvis .     - Unarmed
rCold    . . .     Faith    .   (no shield)
rNeg     . . .     Spirit   .   a - +0 robe
rPois    .         Reflect  .   (helmet restricted)
rElec    .         Harm     .   (no cloak)
rCorr    .         Rampage  .   (gloves unavailable)
Will     .....     NoTele   +   (boots unavailable)
Stlth    ++........             (no amulet)
HPRegen  1.10/turn              (no ring)
MPRegen  0.07/turn              (no ring)

@: no status effects
A: large, unfitting armour, claws 3, regeneration 1, shaggy fur 1, tough skin 1
a: no special abilities


You were in the Dungeon.
You visited 1 branch

Inventory:

Armour
 a - a +0 robe (worn)
Scrolls
 g - a scroll of blinking
Potions
 b - a potion of curing
 c - a potion of heal wounds
 d - a potion of haste
 e - 2 potions of magic
 f - a potion of berserk rage


   Skills:
 + Level 3.4 Fighting
 - Level 2.4 Dodging
 - Level 1.0 Stealth
 * Level 5.1 Unarmed Combat


You had one spell level left.
You didn't know any spells.
Your spell library was empty.

Dungeon Overview and Level Annotations

Branches:
Dungeon (1/1)

Altars:


Innate Abilities, Weirdness & Mutations

You are too large for most types of armour.
You have claws for hands.
Your natural rate of healing is unusually fast.
You are covered in fur. (AC +1)
You have tough skin. (AC +1)


Message History

The white imp gestures at you. The puff of frost hits you.
The white imp gestures at you. The puff of frost hits you!
Things that are here:
a +0 hand axe; a +0 ring mail; a dart slug corpse You closely miss the white imp.
The white imp barely misses you.
You closely miss the white imp. The white imp closely misses you.
You scratch the white imp.
The white imp is moderately wounded.
The white imp gestures at you. The puff of frost hits you!
You claw the white imp!
You kill the white imp!
Your Unarmed Combat skill increases to level 5!
You scratch something. Something hits you. Something shocks you.
You barely miss something. Your claw misses something.
Something hits you but does no damage.
You miss something. Your claw misses something. You claw something!
Something hits you. Something shocks you.
* * * LOW HITPOINT WARNING * * *
You claw something! Something hits you but does no damage.
You scratch something but do no damage. Something hits you but does no damage.
You miss something. Something hits you.
* * * LOW HITPOINT WARNING * * *
Something shocks you.
* * * LOW HITPOINT WARNING * * *
There is an open door here.
A sky beast appears from thin air!
Reactivating autopickup.
There's a creature in the doorway!
You closely miss the sky beast.
The sky beast is severely wounded.
The sky beast hits you but does no damage.
You closely miss the sky beast.
The sky beast is severely wounded.
The sky beast hits you.
* * * LOW HITPOINT WARNING * * *
The sky beast shocks you.
You die...

▓.▓
▓.▓
▓.▓
▓†▓
▓)▓
▓†▓
▓)▓
▓.▓
▓@▓
▓Y▓
▓§▓
▓.▓
▓.▓
▓.▓
▓.▓
▓+▓


You could see a sky beast.

Vanquished Creatures
  A white imp (D)
  A dart slug (D)
  An orc (D)
  A giant cockroach (D)
  2 goblins (D)
  A ball python (D)
  A bat (D)
  A giant cockroach zombie (D)
9 creatures vanquished.

Notes
Turn   | Place    | Note
-------+----------+-------------------------------------------
     0 | D        | night the Troll Monk began the quest for the Orb.
     0 | D        | Reached XP level 1. HP: 22/22 MP: 0/0
    12 | D        | Reached skill level 4 in Unarmed Combat
    18 | D        | Noticed a sky beast
    23 | D        | Reached XP level 2. HP: 30/31 MP: 1/1
    29 | D        | Reached skill level 5 in Unarmed Combat
    35 | D        | HP: 1/31 [something (5)]
    39 | D        | Slain by a sky beast

Illustrated notes

Levels and vault maps discovered:
D:        linesprint [early_d, line_temple, items_1, d_10, items_2, lair_1,
          lair_end, items_3, orc_1, orc_end, items_4, d_15, swamp_1, shoals_1,
          snake_1, spider_1, d_20, vaults_1, items_5, swamp_end, shoals_end,
          snake_end, spider_end, vaults_end, d_27, items_6, zot_1, zot_end,
          crypt_end, forest_end, elf_end, slime_end, tomb_end, abyss_end,
          pan_hell_end]

Skill      XL: |  1  2 |
---------------+-------+-----
Unarmed Combat | 4 5 |  5.1
Fighting       | 3 |  3.4
Dodging        | |  2.4
Stealth        | |  1.0

Action                   || total
-------------------------++-------
Melee: Unarmed           ||    25
Armor: Robe              ||     7
Dodge: Dodged            ||     5

Table legend: (Time is in decaauts)
 A = Elapsed time spent in this place.
 B = Non-inter-level travel time spent in this place.
 C = Inter-level travel time spent in this place.
 D = Time resting spent in this place.
 E = Time spent auto-exploring this place.
 F = Levels seen in this place.
 G = Mean time per level.
                   A        B        C        D        E       F      G
               +--------+--------+--------+--------+--------+-----+--------+
         Total |     37 |     37 |      0 |      0 |      3 |   1 |   37.0 |
       Dungeon |     37 |     37 |      0 |      0 |      3 |   1 |   37.0 |
               +--------+--------+--------+--------+--------+-----+--------+

Top non-repeatable levels by time:
       D: 37 daAuts
